 Dungeon Crawl Stone Soup version 0.27-a0-1378-gdefffd1ff6 (webtiles) character file.

Game seed: 1800546830827706357

1869 kinggod the Skirmisher (level 8, -10/63 HPs)
             Began as a Demonspawn Wanderer on June 29, 2021.
             Was a Follower of Uskayaw.
             Mangled by a hornet (11 damage)
             ... on level 6 of the Dungeon on June 30, 2021.
             The game lasted 00:15:13 (8554 turns).

kinggod the Skirmisher (Demonspawn Wanderer)        Turns: 8554, Time: 00:15:13

Health: -10/63     AC:  9    Str: 12 (13) XL:     8   Next: 90%
Magic:  12/14      EV: 13    Int: 12      God:    Uskayaw [*.....]
Gold:   269        SH:  0    Dex: 14      Spells: 8/15 levels left

rFire    . . .     SeeInvis .   e - +1 dagger (flame)
rCold    + . .     Faith    .   (no shield)
rNeg     + . .     Spirit   .   b - +0 robe
rPois    .         Reflect  .   (helmet currently unavailable)
rElec    .         Harm     .   f - +0 cloak
rCorr    .         Rampage  .   o - +1 pair of gloves
Will     .....                  (boots currently unavailable)
Stlth    ++........             (no amulet)
HPRegen  0.20/turn              n - ring of positive energy
MPRegen  0.14/turn              (no ring)

@: lethally poisoned (-10 -> -21), appendages, very slightly contaminated,
slowed, very slow
A: horns 2, talons 2, icy blue scales 3, foul stench 2, clumsy 1, deterioration
1
a: End Transformation, Renounce Religion, Stomp


You were on level 6 of the Dungeon.
You worshipped Uskayaw.
Uskayaw was noncommittal.
You had temporarily grown beastly horns and talons.
You visited 1 branch of the dungeon, and saw 6 of its levels.
You also visited: Sewer.

You collected 357 gold pieces.
You spent 88 gold pieces at shops.

Inventory:

Hand Weapons
 e - a +1 dagger of flaming (weapon)
Missiles
 s - a throwing net (quivered)
Armour
 b - a +0 robe (worn)
 f - a +0 cloak (worn)
 o - a +1 pair of gloves (worn)
Jewellery
 n - a ring of positive energy (left hand)
Wands
 k - a wand of flame (10)
Scrolls
 a - a scroll of fear
 d - 3 scrolls of teleportation
 g - a scroll of amnesia
 l - 2 scrolls of identify
Potions
 c - a potion of lignification
 h - 3 potions of flight
 i - 2 potions of curing
 j - 3 potions of heal wounds
 m - 2 potions of brilliance {unknown}
 p - a potion of resistance
 q - a potion of might
 r - 2 potions of invisibility {unknown}


   Skills:
 + Level 5.4 Fighting
 + Level 5.2 Short Blades
 + Level 1.0 Throwing
 + Level 4.1 Dodging
 + Level 3.6 Stealth
 + Level 4.0 Spellcasting
 + Level 0.5 Conjurations
 + Level 2.6 Necromancy
 + Level 4.0 Transmutations
 + Level 1.0 Evocations


You had 8 spell levels left.
You knew the following spells:

 Your Spells              Type           Power      Damage    Failure   Level
a - Beastly Appendage     Tmut           24%        N/A       4%          1
b - Magic Dart            Conj           12%        1d3       19%         1
c - Blink                 Tloc           N/A        N/A       32%         2
d - Slow                  Hex            2%         N/A       32%         2
e - Corona                Hex            2%         N/A       22%         1

Your spell library contained the following spells:

 Spells                   Type           Power      Damage    Failure   Level
 Apportation              Tloc           4%         N/A       22%         1
 Sandblast                Erth           4%         2d4       22%         1
 Spider Form              Tmut/Pois      3%         N/A       28%         3
 Call Imp                 Summ           2%         N/A       32%         2
 Ensorcelled Hibernation  Hex/Ice        4%         N/A       32%         2
 Poisonous Vapours        Pois/Air       4%         N/A       32%         2
 Conjure Flame            Conj/Fire      3%         6-21      52%         3
 Dazzling Flash           Conj/Hex       6%         N/A       52%         3
 Mephitic Cloud           Conj/Pois/Air  2%         N/A       52%         3
 Stone Arrow              Conj/Erth      6%         3d7       52%         3
 Confusing Touch          Hex            2%         N/A       54%         3
 Lesser Beckoning         Tloc           1%         N/A       54%         3
 Tukima's Dance           Hex            2%         N/A       54%         3
 Alistair's Intoxication  Tmut/Pois      4%         N/A       95%         5
 Freezing Cloud           Conj/Ice/Air   1%         6-21      99%         5
 Invisibility             Hex            1%         N/A       100%        6


Dungeon Overview and Level Annotations

Branches:
Dungeon (6/15)             Temple (0/1) D:5           Sewer (visited)

Altars:
Gozag
Uskayaw

Shops:
D:4 !

Annotations:
D:3 2 transporters
D:6 1 transporter, spiderkeys's ghost, novice OpAK


Innate Abilities, Weirdness & Mutations

You have temporarily grown beastly horns and talons.
You are completely covered in icy blue scales. (AC +4, rC+)
You sometimes emit foul miasma when damaged in melee.
You are clumsy. (Dex -2)
Your body sometimes deteriorates upon taking damage.


Message History

The hornet stings you!
You feel yourself slow down.
The killer bee buzzes angrily.
Casting: Beastly Appendage (safe; 4% risk of failure)
Confirm with . or Enter, or press ? or * to list all spells.
You grow a pair of large bovine horns.
Your feet morph into talons.
The hornet stings you.
You feel as though you will be slow longer.
The killer bee closely misses you. The hornet closely misses you.
The killer bee barely misses you. The hornet stings you!
You are poisoned.
You feel as though you will be slow longer.
Casting: Beastly Appendage (safe; 4% risk of failure)
Confirm with . or Enter, or press ? or * to list all spells.
Aiming: Corona (safe; 22% risk of failure)
Press: ? - help, Shift-Dir - straight line, f - hornet
Aim: a hornet (chance to affect: 27%)
You miscast Corona.
You are very lightly contaminated with residual magic.
Nothing appears to happen.
You feel very sick. The killer bee completely misses you.
The killer bee barely misses you. The hornet stings you!
* * * LOW HITPOINT WARNING * * *
You feel as though you will be slow longer.
The hornet stings you.
* * * LOW HITPOINT WARNING * * *
You are lethally poisoned!
You feel as though you will be slow longer.
The killer bee completely misses you.
You feel better. The killer bee closely misses you.
The killer bee completely misses you. The hornet stings you!
* * * LOW HITPOINT WARNING * * *
Your body deteriorates!
You feel weakened.
You feel as though you will be slow longer.
The killer bee stings you.
* * * LOW HITPOINT WARNING * * *
You are lethally poisoned!
The killer bee poisons you! The killer bee closely misses you.
The hornet stings you!
You die...

##..#..##.# #.##.## ##.......#
##.#.###.###.##### ##.....##
#.#.# #.........# ##...##
#.#.###..##.###.# ##'##
#........##..##.# #.#
###.####.##..##.##### #.#
#.#.......©.......####.####
#...#############..##...... #####
#..#####..@yy#####.......##
....###.###.#.#y.y#y..###.#...#..
........##yy#..###yy#..##.##.##.#
....##..###...#. .#...###.##.#...
....##...#####y.#..#####.).....#.
...####.###!..#...#.#.###)##.#...
#### #.##y.#.W###..#..##)##.####
#.###.yy#...#...###.##.# ###
#..#####yyyy(#####..##.####


You could see a hornet and 6 killer bees.

Vanquished Creatures
  2 ogres
  3 necrophages (D:5)
  2 kobold brigands
  A phantom (D:5)
  3 bullfrogs (D:6)
  A gnoll sergeant (D:6)
  A scorpion (D:6)
  2 water moccasin skeletons (D:5)
  A centaur zombie (D:6)
  2 howler monkeys
  5 hounds
  3 orc priests (D:6)
  A bullfrog skeleton (D:3)
  Jessica (D:2)
  3 iguanas
  Natasha (thrice) (D:2)
  5 gnolls (D:6)
  9 adders
  A shadow imp (D:5)
  A white imp (D:3)
  3 worms
  A dart slug (D:4)
  5 orcs
  7 bats
  7 endoplasms
  6 giant cockroaches
  3 goblins
  11 hobgoblins
  7 jackals
  28 kobolds
  10 ball pythons
  4 frilled lizards
  8 rats
150 creatures vanquished.

Vanquished Creatures (others)
  8 plants
8 creatures vanquished.

Grand Total: 158 creatures vanquished

Notes
Turn   | Place    | Note
-------+----------+-------------------------------------------
     0 | D:1      | kinggod the Demonspawn Wanderer began the quest for the
                  | Orb.
     0 | D:1      | kinggod set off with the following items: a +0 dagger, a +0
                  | robe; and the following spells available to memorise:
                  | Beastly Appendage, Magic Dart, Sandblast, Blink, Call Imp,
                  | Slow, Spider Form, Conjure Flame, Mephitic Cloud, Stone
                  | Arrow
     0 | D:1      | Reached XP level 1. HP: 18/18 MP: 2/2
     2 | D:1      | Learned a level 1 spell: Beastly Appendage
     4 | D:1      | Learned a level 1 spell: Magic Dart
   424 | D:1      | Gained mutation: You are partially covered in icy blue
                  | scales. (AC +2) [demonic ancestry]
   424 | D:1      | Reached XP level 2. HP: 24/24 MP: 1/3
  1323 | D:2      | Gained mutation: You may rarely emit foul miasma when
                  | damaged in melee. [demonic ancestry]
  1323 | D:2      | Reached XP level 3. HP: 29/29 MP: 4/4
  1334 | D:2      | Noticed Natasha
  1345 | D:2      | Killed Natasha
  1349 | D:2      | Reached skill level 1 in Short Blades
  1349 | D:2      | Reached XP level 4. HP: 3/37 MP: 5/5
  1678 | D:2      | Noticed Jessica
  1681 | D:2      | Noticed Natasha
  1704 | D:2      | Killed Natasha
  1705 | D:2      | Reached skill level 1 in Dodging
  1706 | D:2      | Killed Jessica
  1808 | D:2      | Noticed Natasha
  1817 | D:2      | Killed Natasha
  1818 | D:2      | Gained mutation: You are mostly covered in icy blue scales.
                  | (AC +3) [demonic ancestry]
  1818 | D:2      | Reached XP level 5. HP: 33/42 MP: 3/7
  2388 | D:3      | Identified the +1 ring mail of the Robin {rElec rCorr}
  2411 | D:3      | Found a transporter.
  2519 | D:3      | Found a transporter.
  2613 | D:3      | Gained mutation: You are clumsy. (Dex -2) [potion of
                  | mutation]
  2613 | D:3      | Gained mutation: Your body sometimes deteriorates upon
                  | taking damage. [potion of mutation]
  2820 | D:3      | Found a hide-covered altar of Uskayaw.
  2827 | D:3      | Became a worshipper of Uskayaw the Reveller
  2898 | D:3      | Reached * piety under Uskayaw
  3219 | D:3      | Reached ** piety under Uskayaw
  3562 | D:3      | Learned a level 2 spell: Blink
  3565 | D:3      | Learned a level 2 spell: Slow
  3596 | D:3      | Reached skill level 1 in Stealth
  3596 | D:3      | Gained mutation: You sometimes emit foul miasma when
                  | damaged in melee. [demonic ancestry]
  3596 | D:3      | Reached XP level 6. HP: 23/49 MP: 5/8
  3840 | D:3      | Found an opulent altar of Gozag.
  4656 | D:4      | Found Luyckadar's Distillery.
  4672 | D:4      | Bought a potion of curing for 33 gold pieces
  4672 | D:4      | Bought a potion of heal wounds for 55 gold pieces
  4888 | D:4      | Reached *** piety under Uskayaw
  5009 | D:4      | Gained mutation: You are completely covered in icy blue
                  | scales. (AC +4, rC+) [demonic ancestry]
  5009 | D:4      | Reached XP level 7. HP: 49/55 MP: 8/10
  5438 | D:5      | Entered Level 5 of the Dungeon
  5540 | D:5      | Found a glowing drain.
  5554 | Sewer    | Entered a sewer
  6257 | D:5      | Found a staircase to the Ecumenical Temple.
  6267 | D:5      | Reached XP level 8. HP: 13/61 MP: 10/12
  6557 | D:5      | Reached **** piety under Uskayaw
  6558 | D:5      | Reached skill level 5 in Fighting
  7232 | D:6      | Found a transporter.
  7233 | D:6      | Noticed spiderkeys's ghost (novice OpAK)
  7235 | D:6      | Found a transporter.
  7238 | D:6      | Noticed a queen bee
  7461 | D:6      | Learned a level 1 spell: Corona
  7579 | D:6      | Reached skill level 5 in Short Blades
  7749 | D:6      | Noticed a hornet
  8554 | D:6      | HP: 1/63 [killer bee (4)]
  8554 | D:6      | Mangled by a hornet

Illustrated notes

Levels and vault maps discovered:
D:1:      scummos_arrival_forest, layout_basic
D:2:      layout_rooms, serial_bayou_crossing, uniq_natasha, uniq_jessica
D:3:      cheibrodos_thug_alley, layout_basic, lemuel_round_altar,
          nicolae_uskayaw_murder_on_the_dancefloor,
          gammafunk_ghost_gnarly_gnolls
D:4:      minmay_recursive_quarters, layout_cave_pods, serial_shops, shop
D:5:      layout_loops_ring, minmay_temple_entry_slanted, portal_sewer_entry_b,
          moated_statue
D:6:      layout_loops_corners, gammafunk_ghost_hive

Skill      XL: |  1  2  3  4  5  6  7  8 |
---------------+-------------------------+-----
Short Blades   | 1 2 3 4 5 |  5.2
Fighting       | 4 5 |  5.4
Dodging        | 1 2 3 4 |  4.1
Transmutations | 2 3 4 |  4.0
Stealth        | 1 2 3 |  3.6
Spellcasting   | 2 3 4 |  4.0
Throwing       | |  1.0
Conjurations   | |  0.5
Necromancy     | |  2.6
Evocations     | |  1.0

Action                   |  1- 3 |  4- 6 |  7- 9 || total
-------------------------+-------+-------+-------++-------
Melee: Dagger            |    58 |   241 |   265 ||   564
       Headbutt          |     6 |    11 |    29 ||    46
       Kick              |       |    33 |    48 ||    81
 Cast: Beastly Appendage |     2 |    16 |    29 ||    47
       Magic Dart        |     3 |     9 |       ||    12
       Corona            |       |       |     1 ||     1
Invok: Stomp             |       |       |     1 ||     1
  Use: Potion            |     4 |     3 |     3 ||    10
       Scroll            |       |     5 |     6 ||    11
 Stab: Sleeping          |       |     4 |     4 ||     8
       Paralysed         |       |     1 |     4 ||     5
Armor: Robe              |    15 |    73 |    86 ||   174
Dodge: Dodged            |    52 |   146 |   151 ||   349

Table legend: (Time is in decaauts)
 A = Elapsed time spent in this place.
 B = Non-inter-level travel time spent in this place.
 C = Inter-level travel time spent in this place.
 D = Time resting spent in this place.
 E = Time spent auto-exploring this place.
 F = Levels seen in this place.
 G = Mean time per level.
                   A        B        C        D        E       F      G
               +--------+--------+--------+--------+--------+-----+--------+
         Total |   8517 |   8345 |    172 |   1956 |   5291 |   7 | 1216.7 |
       Dungeon |   8010 |   7838 |    172 |   1956 |   4930 |   6 | 1335.0 |
         Sewer |    507 |    507 |      0 |      0 |    361 |   1 |  507.0 |
               +--------+--------+--------+--------+--------+-----+--------+

Top non-repeatable levels by time:
     D:3: 1695 daAuts
     D:6: 1371 daAuts
     D:4: 1349 daAuts
     D:1: 1228 daAuts
     D:5: 1221 daAuts
     D:2: 1144 daAuts
   Sewer: 507 daAuts
